Map: Ley Lines

Players

azy

  • Race: Zerg Zerg
  • League: Gold
  • Spawn Location: 7:00

Sindyr - Winner!

  • Race: Zerg Zerg
  • League: Master
  • Spawn Location: 1:00

VOD

Have the link to the VOD?

Description

Time

  • Played on: Oct. 20, 2025, 12:24 p.m.
  • Length: 16:24
Show
View Real Time Build Order
Export as new Build Order

azy Zerg 

Build Orders: Hatch First 

Get SALT Encoding   

  12  0:00  Drone  
  13  0:12  Overlord  
  13  0:17  Drone  
  14  0:31  Drone x2  
  14  0:35  Drone  
  17  0:53  Hatchery, Drone  
  17  0:56  Drone  
  18  1:09  Extractor  
  17  1:12  Spawning Pool  
  17  1:15  Drone  
  17  1:22  Drone  
  18  1:32  Drone  
  19  1:39  Drone  
  20  1:50  Overlord  
  20  2:00  Queen  
  22  2:05  Queen  
  22  2:06  Zergling x4  
  26  2:10  Metabolic Boost  
  26  2:12  Drone  
  27  2:19  Drone  
  27  2:22  Drone  
  29  2:28  Drone  
  30  2:40  Drone x2  
  32  2:44  Drone  
  32  2:50  Overlord  
  33  2:56  Overlord  
  33  2:59  Overlord  
  33  3:08  Evolution Chamber  
  33  3:10  Extractor x2, Roach Warren  
  29  3:13  Lair  
  29  3:16  Drone  
  29  3:17  Drone x2  
  32  3:23  Overlord  
  32  3:25  Drone  
  33  3:28  Drone  
  33  3:34  Drone x2  
  35  3:39  Drone  
  37  3:51  Zerg Missile Weapons Level 1  
  37  3:58  Overlord  
  37  3:59  Roach  
  37  4:00  Roach  
  37  4:02  Drone  
  42  4:03  Drone  
  43  4:20  Roach x5  
  52  4:39  Roach x4  
  52  4:40  Roach  
  52  4:41  Glial Reconstitution  
  62  4:51  Overlord x2  
  62  4:56  Roach  
  64  5:04  Roach x2  
  68  5:13  Roach x3  
  74  5:21  Roach x3  
  79  5:31  Spine Crawler  
  79  5:32  Roach  
  79  5:33  Roach  
  82  5:56  Roach  
  80  5:57  Roach x2  
  78  6:06  Roach  
  78  6:07  Roach x5  
  82  6:13  Roach  
  82  6:14  Roach x2  
  82  6:19  Roach  
  82  6:24  Roach  
  76  6:34  Roach x2  
  68  6:54  Roach  
  68  6:55  Roach x3  
  74  7:05  Roach  
  74  7:06  Roach  
  64  7:15  Hydralisk Den  
  64  7:19  Hatchery  
  54  7:28  Spire  
  54  7:30  Drone  
  54  7:31  Drone x5  
  60  7:43  Overlord x2  
  60  7:45  Drone x4  
  60  7:50  Extractor  
  63  7:55  Queen  
  65  8:31  Pneumatized Carapace, Queen  
  65  8:33  Drone  
  69  8:34  Drone x8  
  69  8:35  Drone x2  
  69  8:39  Zerg Flyer Weapons Level 1  
  78  8:41  Overseer  
  78  8:50  Extractor, Drone x2  
  78  8:51  Drone  
  80  9:00  Drone x3, Extractor  
  82  9:03  Overlord x3  
  82  9:10  Roach  
  82  9:12  Mutalisk x3  
  90  9:32  Mutalisk x6  
  102  9:43  Mutalisk, Roach  
  102  9:44  Mutalisk x2  
  110  10:00  Mutalisk  
  110  10:01  Mutalisk x4, Infestation Pit  
  119  10:18  Overseer  
  119  10:22  Overlord x2  
  119  10:47  Hive  
  119  10:53  Hydralisk Den  
  106  11:25  Mutalisk  
  106  11:26  Mutalisk x11  
  126  11:46  Mutalisk x3  
  116  11:53  Mutalisk  
  96  11:54  Mutalisk  
  96  12:11  Mutalisk x2  
  96  12:12  Mutalisk  
  100  12:26  Hatchery  
  99  12:33  Hatchery, Zerg Flyer Armor Level 1  
  99  12:35  Grooved Spines  
  98  12:45  Ultralisk Cavern  
  89  13:26  Muscular Augments  
  89  13:32  Mutalisk  
  89  13:33  Mutalisk x7  
  97  14:00  Chitinous Plating  
  97  14:13  Queen  
  97  14:15  Queen  
  97  14:16  Evolution Chamber  
  100  14:18  Drone x14  
  100  14:19  Drone x3  
  100  14:20  Drone  
  100  14:21  Drone x9  
  127  14:38  Extractor  
  126  14:39  Extractor x2  
  126  14:44  Extractor  
  123  14:49  Ultralisk  
  123  14:50  Ultralisk x2  
  131  15:04  Spine Crawler  
  131  15:05  Spine Crawler  
  131  15:06  Spine Crawler x3  
  126  15:07  Spine Crawler  
  126  15:08  Spine Crawler  
  126  15:09  Spine Crawler x2  
  126  15:11  Spine Crawler  
  126  15:12  Spine Crawler  
  120  15:14  Spine Crawler x2  
  98  15:38  Hatchery  
Show
View Real Time Build Order
Export as new Build Order

Sindyr Zerg - Winner!

Build Orders: Hatch First 

Get SALT Encoding   

  12  0:07  Drone  
  13  0:09  Drone  
  13  0:14  Extractor  
  13  0:16  Drone  
  15  0:23  Overlord  
  15  0:42  Drone x2  
  17  0:55  Drone  
  17  0:57  Hatchery  
  17  1:05  Drone  
  17  1:08  Extractor  
  17  1:16  Spawning Pool  
  16  1:19  Drone  
  16  1:22  Drone  
  18  1:33  Drone  
  19  1:45  Drone  
  20  1:54  Drone  
  21  2:08  Queen x2  
  21  2:11  Zergling x4  
  21  2:15  Overlord  
  27  2:29  Drone  
  29  2:44  Drone x4, Queen  
  34  2:58  Evolution Chamber  
  33  2:59  Roach Warren  
  33  3:00  Lair  
  32  3:21  Drone x4  
  32  3:23  Overlord  
  36  3:28  Zerg Missile Weapons Level 1  
  36  3:31  Metabolic Boost  
  36  3:45  Drone x5  
  36  3:46  Drone, Extractor  
  41  3:53  Extractor  
  40  3:56  Overlord  
  40  4:05  Glial Reconstitution  
  40  4:23  Roach  
  40  4:24  Roach x2  
  46  4:28  Zergling x2  
  46  4:29  Zergling x10  
  50  4:54  Drone x2  
  50  4:56  Overlord  
  50  4:57  Overlord  
  51  5:30  Roach x8  
  67  5:37  Overlord, Zerg Missile Weapons Level 2  
  67  5:42  Evolution Chamber  
  66  5:46  Roach  
  64  6:01  Roach x9  
  62  6:12  Roach x4  
  62  6:13  Zergling x2  
  59  6:30  Roach x4  
  59  6:35  Queen  
  59  6:37  Zergling x4  
  62  6:53  Drone x2  
  64  7:00  Roach  
  64  7:01  Roach  
  67  7:07  Roach x2  
  61  7:20  Drone  
  56  7:32  Drone  
  57  7:41  Extractor  
  56  7:46  Zerg Ground Armor Level 1  
  56  7:47  Spine Crawler  
  56  7:48  Spine Crawler  
  56  7:51  Spine Crawler  
  53  7:52  Hydralisk Den  
  52  8:03  Overlord  
  52  8:04  Overlord  
  52  8:08  Drone  
  52  8:09  Drone x4  
  57  8:16  Hatchery  
  56  8:30  Infestation Pit  
  55  8:52  Muscular Augments  
  55  8:55  Hatchery  
  54  8:57  Overseer  
  54  9:07  Hive  
  54  9:11  Hydralisk x5  
  54  9:12  Hydralisk x3, Roach x3  
  76  9:52  Zerg Ground Armor Level 2  
  76  10:02  Queen  
  76  10:03  Drone x12  
  76  10:05  Drone  
  76  10:06  Drone  
  92  10:20  Zerg Missile Weapons Level 3  
  92  10:24  Queen  
  94  10:31  Overlord  
  94  10:32  Drone x2  
  96  10:51  Spine Crawler  
  96  10:52  Drone  
  96  10:53  Drone x2  
  96  10:54  Spine Crawler  
  94  11:05  Hydralisk  
  94  11:06  Hydralisk x6  
  106  11:13  Hydralisk Den  
  106  11:16  Spore Crawler  
  106  11:18  Spore Crawler  
  85  11:41  Hydralisk x4  
  85  11:42  Hydralisk x3  
  85  11:45  Hydralisk  
  87  11:47  Zergling x2  
  87  11:49  Zergling x2  
  79  12:22  Queen  
  79  12:26  Zerg Ground Armor Level 3  
  81  12:30  Hydralisk x6  
  81  12:33  Roach  
  93  13:05  Spawning Pool  
  86  13:41  Hydralisk x10  
  86  13:44  Overlord x4  
  102  14:03  Hydralisk  
  102  14:04  Hydralisk x4  
  112  14:17  Drone x3  
  114  14:58  Hydralisk x6  
  114  14:59  Hydralisk  
  121  15:32  Overlord x4  
  99  16:00  Spire  
  99  16:02  Spawning Pool  
Tags
 
Matchup
ZvZ
Race
Zerg
Replay Pack
Multiplayer
Spawn Locations
Cross Positions
Add a new tag
Caveats
  • Supply blocks, unpowered buildings, or Contaminate may cause inaccurate times.
  • Supply counts are checked every 10 seconds.